TOP OF THE 1ST |
Coweta HS Tigers batting - Pitching for Dublin Jerome HS Celtics : RHP Jonathan Nieves
|
Pitching: RHP Jonathan Nieves
|
|
Batting: RHB Ramiro Javier
|
0-0: Ball 1-0: Fly out, F9 (Flyball, 9M)
|
Batting: RHB Brian Andrews
|
0-0: Ball 1-0: Called Strike 1-1: Ground out 4-3 (Groundball, 34)
|
Batting: RHB José Cisneros
|
0-0: Called Strike 0-1: Called Strike 0-2: Foul Ball, location: 2F 0-2: Ground out 6-3 (Groundball, 6)
|
Top of the 1st over - 0 run(s), 0 hit(s), 0 error(s), 0 left on base; Coweta HS 0 - Dublin Jerome HS 0 |
BOTTOM OF THE 1ST |
Dublin Jerome HS Celtics batting - Pitching for Coweta HS Tigers : RHP Jesús Medina
|
Pitching: RHP Jesús Medina
|
|
Batting: LHB Bill Bryan
|
0-0: Ball 1-0: Ball 2-0: Ball 3-0: Foul Ball, location: 2F 3-1: Base on Balls
|
Batting: RHB Dylan Warren
|
0-0: Ball 1-0: Called Strike 1-1: Ball 2-1: Hit by Pitch Bill Bryan to second
|
Batting: LHB Paul Holcomb
|
0-0: Ball 1-0: Ball 2-0: Called Strike 2-1: SINGLE (Groundball, 4M) (infield hit) Bill Bryan to third Dylan Warren to second
|
Batting: SHB Ricky Edwards
|
0-0: Foul Ball, location: 2F 0-1: Ball 1-1: Foul Ball, location: 2F 1-2: Ball 2-2: Ball 3-2: Foul Ball, location: 2F 3-2: Foul Ball, location: 2F 3-2: Fly out, F9 (Line Drive, 9M) Runner from 3rd tags up, SCORES, no throw
|
Batting: LHB Patrick Ferguson
|
0-0: Called Strike 0-1: Ball 1-1: Fly out, F9 (Flyball, 89M)
|
Batting: LHB Ángel Santos
|
0-0: Ball 1-0: Ball 2-0: Ball 3-0: Called Strike 3-1: Called Strike 3-2: Foul Ball, location: 2F 3-2: Fly out, F6 (Popup, 5L)
|
Bottom of the 1st over - 1 run(s), 1 hit(s), 0 error(s), 2 left on base; Coweta HS 0 - Dublin Jerome HS 1 |
TOP OF THE 2ND |
Coweta HS Tigers batting - Pitching for Dublin Jerome HS Celtics : RHP Jonathan Nieves
|
Batting: RHB Héctor Vázquez
|
0-0: Ball 1-0: Ground out 1-3 (Groundball, 13S)
|
Batting: LHB Jim Clemente
|
0-0: Ball 1-0: Foul Ball, location: 2F 1-1: Foul Ball, location: 2F 1-2: Fly out, F5 (Popup, 5S)
|
Batting: RHB Ben Johnson
|
0-0: Foul Ball, location: 2F 0-1: Foul Ball, location: 2F 0-2: Strikes out looking
|
Top of the 2nd over - 0 run(s), 0 hit(s), 0 error(s), 0 left on base; Coweta HS 0 - Dublin Jerome HS 1 |
BOTTOM OF THE 2ND |
Dublin Jerome HS Celtics batting - Pitching for Coweta HS Tigers : RHP Jesús Medina
|
Batting: RHB Deron McClendon
|
0-0: Ball 1-0: Swinging Strike 1-1: Fly out, F5 (Popup, 5S)
|
Batting: RHB David Silva
|
0-0: Fly out, F8 (Flyball, 8LM)
|
Batting: RHB Norm Gunn
|
0-0: Ball 1-0: Foul Ball, location: 2F 1-1: Called Strike 1-2: Ball 2-2: Strikes out swinging
|
Bottom of the 2nd over - 0 run(s), 0 hit(s), 0 error(s), 0 left on base; Coweta HS 0 - Dublin Jerome HS 1 |
TOP OF THE 3RD |
Coweta HS Tigers batting - Pitching for Dublin Jerome HS Celtics : RHP Jonathan Nieves
|
Batting: RHB Phil Shaw
|
0-0: Ball 1-0: Foul Ball, location: 2F 1-1: Ball 2-1: Foul Ball, location: 2F 2-2: Strikes out swinging
|
Batting: RHB Jon Waller
|
0-0: Ball 1-0: Swinging Strike 1-1: Called Strike 1-2: Strikes out swinging
|
Batting: SHB Jessie Teague
|
0-0: Called Strike 0-1: Ball 1-1: Foul Ball, location: 2F 1-2: Ball 2-2: Strikes out swinging
|
Top of the 3rd over - 0 run(s), 0 hit(s), 0 error(s), 0 left on base; Coweta HS 0 - Dublin Jerome HS 1 |
BOTTOM OF THE 3RD |
Dublin Jerome HS Celtics batting - Pitching for Coweta HS Tigers : RHP Jesús Medina
|
Batting: LHB Bill Bryan
|
0-0: Ball 1-0: Ball 2-0: Foul Ball, location: 2F 2-1: Foul Ball, location: 2F 2-2: Foul Ball, location: 2F 2-2: SINGLE (Groundball, 34D)
|
Batting: RHB Dylan Warren
|
0-0: Ball 1-0: Ball 2-0: Fielders Choice at 2nd, 6-4 (Groundball, 56)
|
Batting: LHB Paul Holcomb
|
Pickoff Throw to First - Out! 0-0: Ball 1-0: Ball 2-0: Called Strike 2-1: Foul Ball, location: 2F 2-2: Ball 3-2: Base on Balls
|
Batting: SHB Ricky Edwards
|
0-0: Foul Ball, location: 2F 0-1: Ball 1-1: Swinging Strike 1-2: Foul Ball, location: 2F 1-2: Fly out, F7 (Flyball, 78S)
|
Bottom of the 3rd over - 0 run(s), 1 hit(s), 0 error(s), 1 left on base; Coweta HS 0 - Dublin Jerome HS 1 |
TOP OF THE 4TH |
Coweta HS Tigers batting - Pitching for Dublin Jerome HS Celtics : RHP Jonathan Nieves
|
Batting: RHB Ramiro Javier
|
0-0: Ball 1-0: SINGLE (Line Drive, 4M)
|
Batting: RHB Brian Andrews
|
0-0: Ball Ramiro Javier steals 2nd base 1-0: Ball 2-0: Called Strike 2-1: Foul Ball, location: 2F 2-2: Foul Ball, location: 2F 2-2: Hit by Pitch
|
Batting: RHB José Cisneros
|
0-0: Called Strike 0-1: Ball 1-1: Foul Ball, location: 2F 1-2: Foul Ball, location: 2F 1-2: Ball 2-2: Ball 3-2: Fly out, F4 (Popup, 34D)
|
Batting: RHB Héctor Vázquez
|
0-0: Grounds into double play, 5-4-3 (Groundball, 5)
|
Top of the 4th over - 0 run(s), 1 hit(s), 0 error(s), 1 left on base; Coweta HS 0 - Dublin Jerome HS 1 |
BOTTOM OF THE 4TH |
Dublin Jerome HS Celtics batting - Pitching for Coweta HS Tigers : RHP Jesús Medina
|
Batting: LHB Patrick Ferguson
|
0-0: Called Strike 0-1: Ball 1-1: Ground out U3 (Groundball, 3S)
|
Batting: LHB Ángel Santos
|
0-0: Ball 1-0: Called Strike 1-1: Called Strike 1-2: Strikes out looking
|
Batting: RHB Deron McClendon
|
0-0: Foul Ball, location: 2F 0-1: Ball 1-1: Ball 2-1: Called Strike 2-2: Ball 3-2: Foul Ball, location: 2F 3-2: Foul Ball, location: 2F 3-2: Fly out, F7 (Flyball, 78M)
|
Bottom of the 4th over - 0 run(s), 0 hit(s), 0 error(s), 0 left on base; Coweta HS 0 - Dublin Jerome HS 1 |
TOP OF THE 5TH |
Coweta HS Tigers batting - Pitching for Dublin Jerome HS Celtics : RHP Jonathan Nieves
|
Batting: LHB Jim Clemente
|
0-0: Ball 1-0: Ball 2-0: Foul Ball, location: 2F 2-1: Swinging Strike 2-2: Ball 3-2: Foul Ball, location: 2F 3-2: Base on Balls
|
Batting: RHB Ben Johnson
|
0-0: Called Strike 0-1: Fly out, F9 (Flyball, 9M)
|
Batting: RHB Phil Shaw
|
0-0: Ball 1-0: Called Strike 1-1: Called Strike 1-2: Grounds into double play, 4-6-3 (Groundball, 4)
|
Top of the 5th over - 0 run(s), 0 hit(s), 0 error(s), 0 left on base; Coweta HS 0 - Dublin Jerome HS 1 |
BOTTOM OF THE 5TH |
Dublin Jerome HS Celtics batting - Pitching for Coweta HS Tigers : RHP Jesús Medina
|
Batting: RHB David Silva
|
0-0: Ball 1-0: Called Strike 1-1: Swinging Strike 1-2: Foul Ball, location: 2F 1-2: Ball 2-2: Ball 3-2: Base on Balls
|
Pitching: RHP Lonnie Miller
|
|
Batting: RHB Norm Gunn
|
0-0: Foul Ball, location: 2F 0-1: SINGLE (Line Drive, 9S) David Silva to second
|
Batting: LHB Bill Bryan
|
0-0: Called Strike 0-1: Called Strike 0-2: Fly out, F9 (Flyball, 9M)
|
Batting: RHB Dylan Warren
|
0-0: Foul Ball, location: 2F 0-1: Foul Ball, location: 2F 0-2: Ball 1-2: Foul Ball, location: 2F 1-2: Foul Ball, location: 2F 1-2: Fly out, F8 (Flyball, 8RM)
|
Batting: LHB Paul Holcomb
|
0-0: Foul Ball, location: 2F 0-1: Swinging Strike 0-2: Foul Ball, location: 2F 0-2: Ball 1-2: Fly out, F9 (Flyball, 9LM)
|
Bottom of the 5th over - 0 run(s), 1 hit(s), 0 error(s), 2 left on base; Coweta HS 0 - Dublin Jerome HS 1 |
TOP OF THE 6TH |
Coweta HS Tigers batting - Pitching for Dublin Jerome HS Celtics : RHP Jonathan Nieves
|
Batting: RHB Jon Waller
|
0-0: Ground out 6-3 (Groundball, 6)
|
Batting: SHB Jessie Teague
|
0-0: Ball 1-0: Ground out 4-3 (Groundball, 34)
|
Batting: RHB Ramiro Javier
|
0-0: Ball 1-0: Called Strike 1-1: Ball 2-1: Swinging Strike 2-2: Strikes out swinging
|
Top of the 6th over - 0 run(s), 0 hit(s), 0 error(s), 0 left on base; Coweta HS 0 - Dublin Jerome HS 1 |
BOTTOM OF THE 6TH |
Dublin Jerome HS Celtics batting - Pitching for Coweta HS Tigers : RHP Lonnie Miller
|
Batting: SHB Ricky Edwards
|
0-0: Ball 1-0: Called Strike 1-1: Ball 2-1: Foul Ball, location: 2F 2-2: Ball 3-2: Base on Balls
|
Batting: LHB Patrick Ferguson
|
0-0: Called Strike 0-1: Ball 1-1: Fielders Choice at 2nd, 1-6 (Groundball, 15)
|
Batting: LHB Ángel Santos
|
0-0: Ball 1-0: Called Strike 1-1: Ball 2-1: Grounds into double play, U4-3 (Groundball, 4)
|
Bottom of the 6th over - 0 run(s), 0 hit(s), 0 error(s), 0 left on base; Coweta HS 0 - Dublin Jerome HS 1 |
TOP OF THE 7TH |
Coweta HS Tigers batting - Pitching for Dublin Jerome HS Celtics : RHP Jonathan Nieves
|
Batting: RHB Brian Andrews
|
0-0: Ball 1-0: Called Strike 1-1: DOUBLE (Groundball, 5D)
|
Batting: RHB José Cisneros
|
0-0: Ball 1-0: Ball 2-0: Ball 3-0: Base on Balls
|
Batting: RHB Héctor Vázquez
|
0-0: Ball 1-0: Foul Ball, location: 2F 1-1: Foul Ball, location: 2F 1-2: Ball 2-2: SINGLE (Groundball, 5D) Brian Andrews to third José Cisneros to second
|
Pitching: LHP Mike Hill
|
|
Batting: LHB Jim Clemente
|
0-0: Foul Ball, location: 2F 0-1: Ball 1-1: Ball 2-1: Foul Ball, location: 2F 2-2: Strikes out swinging
|
Batting: RHB Ben Johnson
|
0-0: Called Strike 0-1: Called Strike 0-2: Ball 1-2: Strikes out swinging
|
Batting: RHB Phil Shaw
|
0-0: Foul Ball, location: 2F 0-1: Foul Ball, location: 2F 0-2: Ball 1-2: Ball 2-2: Strikes out swinging
|
Top of the 7th over - 0 run(s), 2 hit(s), 0 error(s), 3 left on base; Coweta HS 0 - Dublin Jerome HS 1 |
BOTTOM OF THE 7TH |
Dublin Jerome HS Celtics batting - Pitching for Coweta HS Tigers : RHP Lonnie Miller
|
Pitching: RHP Michael MacDonald
|
|
Batting: RHB Deron McClendon
|
0-0: SINGLE (Groundball, 56D)
|
Batting: RHB David Silva
|
0-0: Bunted foul 0-1: Sac Bunt - play at first, batter OUT! 5-4 Deron McClendon to second
|
Batting: RHB Norm Gunn
|
0-0: Ball 1-0: Ball 2-0: Ball 3-0: Base on Balls
|
Batting: LHB Bill Bryan
|
0-0: Foul Ball, location: 2F 0-1: Ball 1-1: Ball 2-1: Foul Ball, location: 2F 2-2: Foul Ball, location: 2F 2-2: Ball 3-2: Fielders Choice at 2nd, 6-4 (Groundball, 6M) Deron McClendon to third
|
Batting: RHB Dylan Warren
|
0-0: Foul Ball, location: 2F 0-1: Ball 1-1: Ball 2-1: Ball 3-1: Called Strike 3-2: Reached on error, E5 (Groundball, 56) Deron McClendon scores Bill Bryan to second
|
Batting: LHB Paul Holcomb
|
0-0: Ball 1-0: Ball 2-0: Foul Ball, location: 2F 2-1: Foul Ball, location: 2F 2-2: Foul Ball, location: 2F 2-2: Ball 3-2: Base on Balls Bill Bryan to third Dylan Warren to second
|
Batting: SHB Ricky Edwards
|
0-0: Called Strike 0-1: Ball 1-1: DOUBLE (Line Drive, 9M) Bill Bryan scores Dylan Warren scores Paul Holcomb to third
|
Batting: LHB Patrick Ferguson
|
0-0: Foul Ball, location: 2F 0-1: Swinging Strike 0-2: Ball 1-2: SINGLE (Groundball, 5D) Paul Holcomb scores Ricky Edwards to third Runner from 3rd tries for Home, throw and OUT!
|
Bottom of the 7th over - 4 run(s), 3 hit(s), 1 error(s), 1 left on base; Coweta HS 0 - Dublin Jerome HS 5 |
TOP OF THE 8TH |
Coweta HS Tigers batting - Pitching for Dublin Jerome HS Celtics : LHP Mike Hill
|
Now in RF: Luis Árias
|
|
Batting: RHB Jon Waller
|
0-0: Called Strike 0-1: Called Strike 0-2: Ball 1-2: Strikes out looking
|
Batting: SHB Jessie Teague
|
0-0: Called Strike 0-1: Foul Ball, location: 2F 0-2: Fly out, F4 (Popup, 4M)
|
Batting: RHB Ramiro Javier
|
0-0: Called Strike 0-1: DOUBLE (Line Drive, 34D)
|
Batting: RHB Brian Andrews
|
0-0: Foul Ball, location: 2F 0-1: Swinging Strike 0-2: Ground out 6-3 (Groundball, 6)
|
Top of the 8th over - 0 run(s), 1 hit(s), 0 error(s), 1 left on base; Coweta HS 0 - Dublin Jerome HS 5 |
BOTTOM OF THE 8TH |
Dublin Jerome HS Celtics batting - Pitching for Coweta HS Tigers : RHP Michael MacDonald
|
Pitching: LHP Bill York
|
|
Batting: LHB Ángel Santos
|
0-0: Called Strike 0-1: Ball 1-1: Foul Ball, location: 2F 1-2: Ball 2-2: Ball 3-2: Strikes out looking
|
Batting: RHB Deron McClendon
|
0-0: Ball 1-0: Ball 2-0: DOUBLE (Line Drive, 7LM)
|
Batting: RHB David Silva
|
0-0: Ball 1-0: Swinging Strike 1-1: Ball 2-1: DOUBLE (Line Drive, 7LM) Deron McClendon scores
|
Batting: RHB Norm Gunn
|
0-0: Ball 1-0: Swinging Strike 1-1: Swinging Strike 1-2: Strikes out swinging
|
Batting: LHB Bill Bryan
|
0-0: Ball 1-0: Ball 2-0: Foul Ball, location: 2F 2-1: Called Strike 2-2: Strikes out swinging
|
Bottom of the 8th over - 1 run(s), 2 hit(s), 0 error(s), 1 left on base; Coweta HS 0 - Dublin Jerome HS 6 |
TOP OF THE 9TH |
Coweta HS Tigers batting - Pitching for Dublin Jerome HS Celtics : LHP Mike Hill
|
Now at C: Stan Crosby
|
|
Batting: RHB José Cisneros
|
0-0: Ball 1-0: Ground out 5-3 (Groundball, 56)
|
Batting: RHB Héctor Vázquez
|
0-0: Ball 1-0: Ball 2-0: Called Strike 2-1: Ball 3-1: Fly out, F9 (Flyball, 89M)
|
Batting: LHB Jim Clemente
|
0-0: Foul Ball, location: 2F 0-1: Called Strike 0-2: Ball 1-2: Foul Ball, location: 2F 1-2: Ball 2-2: Ball 3-2: Foul Ball, location: 2F 3-2: Fly out, F6 (Popup, 6M)
|
Top of the 9th over - 0 run(s), 0 hit(s), 0 error(s), 0 left on base; Coweta HS 0 - Dublin Jerome HS 6 |
|